 Dungeon Crawl Stone Soup version 0.29.0-11-gd7f09526c8 (webtiles) character file.

Game seed: 10585982000267266751

12188 Lochraine the Merchant of Misery (level 11, 0/80 (85) HPs)
             Began as a Demonspawn Ice Elementalist on Sept 3, 2022.
             Was a Believer of Kikubaaqudgha.
             Slain by a minotaur
             ... wielding a +3 quarterstaff of draining
              (6 damage)
             ... in a Gauntlet on Sept 4, 2022.
             The game lasted 00:52:51 (13119 turns).

Lochraine the Merchant of Misery (DsIE)            Turns: 13119, Time: 00:52:51

HP:   0/80 (85)     AC: 14    Str: 16    XL:     11   Next: 59%
MP:   12/21         EV: 13    Int: 19    God:    Kikubaaqudgha [**....]
Gold: 601           SH:  4    Dex: 14    Spells: 1/24 levels left

rFire   + . .      SeeInvis .   a - +3 dagger (elec)
rCold   . . .      Faith    +   (no shield)
rNeg    . . .      Spirit   .   h - +0 acid dragon scales
rPois   .          Reflect  .   (no helmet)
rElec   .          Harm     .   q - +0 cloak
rCorr   +          Rampage  .   I - +0 pair of gloves
Will    .....      NoTele   +   (no boots)
Stlth   ++........              c - amulet of faith {!P}
HPRegen 0.23/turn               i - ring of protection from fire
MPRegen 0.17/turn               U - +6 ring of strength

@: ice-armoured, freezing walls, studying Axes, drained
A: claws 2, rugged brown scales 1, condensation shield, demonic magic 2
a: Renounce Religion, Unearth Wretches


You were in a Gauntlet.
You worshipped Kikubaaqudgha.
Kikubaaqudgha was pleased with you.
You visited 3 branches of the dungeon, and saw 12 of its levels.
You also visited: Gauntlet.

You collected 601 gold pieces.

Inventory:

Hand Weapons
 a - a +3 dagger of electrocution (weapon)
   (You took it off an orc on level 4 of the Dungeon)
Armour
 h - +0 acid dragon scales (worn)
   (You found it on level 8 of the Dungeon)
 q - a +0 cloak (worn)
   (You took it off Maurice on level 8 of the Dungeon)
 I - a +0 pair of gloves (worn)
   (You found it on level 1 of the Dungeon)
 V - a +0 robe of positive energy
   (You took it off an orc wizard on level 8 of the Dungeon)
Magical Staves
 b - a staff of death
   (You found it on level 6 of the Dungeon)
 e - a staff of conjuration {!a}
   (You found it on level 2 of the Dungeon)
Jewellery
 c - an amulet of faith (around neck) {!P}
   (You found it on level 8 of the Dungeon)
 i - a ring of protection from fire (left hand)
   (You found it on level 8 of the Dungeon)
 k - a ring of flight
   (You found it in a Gauntlet)
 o - the ring of Xoacef {Drain rN++ Dex+6}
   (You found it in a Gauntlet)

   [ring of dexterity]

   Dex:       It affects your dexterity (+6).
   rN:        It greatly protects you from negative energy.
   Drain:     It drains your maximum health when unequipped.
 C - a ring of fire
   (You found it on level 7 of the Dungeon)
 M - an amulet of magic regeneration
   (You found it on level 5 of the Dungeon)
 U - a +6 ring of strength (right hand)
   (You found it in a Gauntlet)
Wands
 t - a wand of flame (35)
   (You took it off Natasha on level 3 of the Dungeon)
 u - a wand of paralysis (5)
   (You took it off Ijyb on level 4 of the Dungeon)
 v - a wand of digging (4)
   (You found it on level 5 of the Dungeon)
 J - a wand of mindburst (24)
   (You found it on level 4 of the Dungeon)
Scrolls
 d - a scroll of fear {unknown}
 f - a scroll of immolation {unknown}
 l - a scroll of brand weapon {unknown}
 n - a scroll of torment {!r}
 s - 5 scrolls of magic mapping
 y - 2 scrolls of poison {!r}
 A - a scroll of acquirement {unknown}
 K - a scroll of vulnerability {unknown}
 O - a scroll of amnesia {unknown}
 R - 3 scrolls of teleportation {unknown}
 S - 2 scrolls of identify {@r1}
 W - a scroll of fog {unknown}
 X - a scroll of enchant armour {unknown}
Potions
 g - 3 potions of mutation {!q}
 j - a potion of invisibility {unknown}
 m - 2 potions of haste {@q3}
 r - 4 potions of brilliance
 w - a potion of lignification {unknown}
 x - a potion of magic
 E - 2 potions of might {unknown}
 F - a potion of degeneration {unknown}
 G - 8 potions of curing {@q1}
 L - a potion of ambrosia {unknown}
 P - a potion of heal wounds {@q2}


   Skills:
 + Level 6.8 Fighting
 - Level 3.1 Short Blades
 + Level 5.8 Dodging
 - Level 3.8 Stealth
 + Level 7.3 Spellcasting
 - Level 5.5 Conjurations
 + Level 6.8 Hexes
 + Level 7.7 Necromancy
 - Level 7.4 Ice Magic


You had one spell level left.
You knew the following spells:

 Your Spells              Type           Power      Damage    Failure   Level
a - Freeze                Ice            100%       1d11      1%          1
b - Blink                 Tloc           12%        N/A       21%         2
c - Hailstorm             Conj/Ice       31%        3d8       10%         4
d - Anguish               Hex/Necr       17%        N/A       7%          4
u - Animate Dead          Necr           36%        N/A       5%          4
y - Frozen Ramparts       Ice            70%        1d11      1%          3
z - Ozocubu's Armour      Ice            35%        N/A       1%          3
Z - Sublimation of Blood  Necr           36%        N/A       1%          2

Your spell library contained the following spells:

 Spells                   Type           Power      Damage    Failure   Level
 Necrotise                Necr           100%       1d9       1%          1
 Shock                    Conj/Air       68%        1d7       4%          1
 Portal Projectile        Hex/Tloc       40%        N/A       10%         3
 Wereblood                Tmut           6%         N/A       21%         2
 Leda's Liquefaction      Hex/Erth       10%        N/A       32%         4
 Call Canine Familiar     Summ           6%         N/A       38%         3
 Swiftness                Air            6%         N/A       38%         3
 Airstrike                Air            3%         2d(1-17)  80%         4
 Lee's Rapid Deconstruct  Erth           3%         3d6*      98%         5
 Manifold Assault         Tloc           6%         N/A       98%         5
 Storm Form               Tmut/Air       3%         N/A       100%        7
 Summon Hydra             Summ           3%         N/A       100%        7


Dungeon Overview and Level Annotations

Branches:
Dungeon (9/15) Zot: 26934  Temple (1/1) D:6 Zot: 5975    Lair (2/5) D:8 Zot: 9638
 Shoals (0/4) Lair:2      Gauntlet (1/1) Zot: 4830
  Snake: Lair:2-3    Spider: Lair:2-3       Orc: D:9-12

Altars:
Ashenzari
Cheibriados
Dithmenos
Fedhas
Gozag
Hepliaklqana
Kikubaaqudgha
Makhleb
Nemelex Xobeh
Okawaru
Qazlal
Ru
Sif Muna
Trog
Uskayaw
Vehumet
Wu Jian
Xom
Yredelemnul

Shops:
D:4 [

Annotations:
D:6 Menkaure
Lair:1 3 runed translucent doors, exclusion: door, EtherCrawl's ghost, journeyman DESu Gauntlet 10 transporters, 17 runed translucent doors


Innate Abilities, Weirdness & Mutations

You have very sharp fingernails.
You are partially covered in rugged brown scales. (AC +1, +3% HP)
A meltable shield of frost defends you. (SH +4)
Spells you cast may paralyse nearby enemies.


Message History

You enter the transporter and appear at another place.
You swap places.
You swap places.
You swap places.
You open the door.
A minotaur comes into view.
It is wielding a +3 quarterstaff of draining and quivering silver javelins.
The minotaur bellows!
The minotaur throws a silver javelin.
The silver javelin pierces through your harpy zombie!!
The silver javelin pierces through you!!
The silver sears you!
Found a dazzling whip.
Found a gate leading back out of this place.
The minotaur throws a silver javelin.
The silver javelin pierces through your harpy zombie!!
Your harpy zombie is destroyed!
The silver javelin pierces through you!!
* * * LOW HITPOINT WARNING * * *
The silver sears you!
* * * LOW HITPOINT WARNING * * *
A film of ice covers your body! Malevolent energies surge around you.
You can't see any susceptible monsters within range! (Use Z to cast anyway.) Unknown command.
Okay, then.
Something hits your swamp dragon zombie!!!
Your swamp dragon zombie is destroyed!
You feel much better.
The walls around you are covered in ice.
Malevolent energies surge around you.
Your orc knight zombie hits the minotaur but does no damage.
Your deep elf archer zombie completely misses the minotaur.
The minotaur furiously retaliates!
The minotaur headbutts your deep elf archer zombie!
The wall freezes the minotaur but does no damage.
The minotaur hits you with a +3 quarterstaff of draining!
* * * LOW HITPOINT WARNING * * *
You feel drained.
* * * LOW HITPOINT WARNING * * *
The minotaur barely misses you.
The minotaur resists with almost no effort.
Malevolent energies surge around you.
Your orc knight zombie hits the minotaur!
The wall freezes the minotaur!
The minotaur hits you with a +3 quarterstaff of draining!!
* * * LOW HITPOINT WARNING * * *
You feel drained.
* * * LOW HITPOINT WARNING * * *
The minotaur gores you.
You die...
Kikubaaqudgha rasps: "You have failed me!
Welcome... death!"

.. #.##.Z.Z8.####...
#.##....##.....©#..#
#....##.##.8.####...
..##.##Z.Z...#..#...
#....##.8.#..####
######.##.##...#≈.....
#H...'Z##....8.#∩.....
######H...##...#≈.....
#..@Z##.##.8.#..####
#....##.##......#..#?≈Y
#..## #....##.8.####.≈.
# ..##.##.....©#..≈ #.#
...8.####.≈. #..
##...#..#≈≈. ###
#≈8≈#..#..≈ #..#.≈≈
#..#.≈.


You could see a minotaur (ally target), a friendly orc knight zombie and a
friendly deep elf archer zombie.

Vanquished Creatures
  A boulder beetle (Lair:1)
  A death yak (Lair:1)
  A fire crab (Gauntlet)
  2 elephants (Gauntlet)
  Maurice (D:8)
  3 black mambas
  A cane toad (Lair:2)
  A torpor snail (Lair:2)
  A komodo dragon (Lair:1)
  A blink frog (Lair:1)
  Sigmund (D:3)
  3 wyverns (Lair:1)
  9 yaks
  3 fire bats (Gauntlet)
  2 steam dragons
  An acid dragon (D:8)
  3 water moccasins
  2 orc warriors
  8 wolves (Lair:1)
  An ogre (D:5)
  3 centaurs
  3 phantoms
  A necrophage (D:6)
  5 bullfrogs
  2 scorpions
  7 wights (D:7)
  4 killer bees (D:8)
  A howler monkey (D:3)
  An electric eel (Lair:1)
  2 jellies
  5 orc priests
  3 hounds
  An iguana (D:5)
  Ijyb (D:4)
  Terence (D:3)
  Natasha (thrice) (D:3)
  An orc wizard (D:8)
  A mummy (D:5)
  A gnoll (D:1)
  7 adders
  A worm (D:3)
  2 dart slugs
  26 orcs
  7 bats
  4 endoplasms
  4 giant cockroaches
  5 goblins
  7 hobgoblins
  5 jackals
  3 quokkas
  4 ball pythons
  3 frilled lizards
  4 kobolds
  4 rats
178 creatures vanquished.

Vanquished Creatures (collateral kills)
  A hydra (Lair:1)
  An obsidian statue (Gauntlet)
  2 yaks (Lair:1)
4 creatures vanquished.

Vanquished Creatures (others)
  A swamp dragon (Gauntlet)
  A deep elf archer (Gauntlet)
  A harpy (Gauntlet)
  An orc knight (Gauntlet)
  A naga mage (Gauntlet)
  A komodo dragon (Lair:1)
  A harpy zombie (Gauntlet)
  A wyvern (Lair:1)
  A yak (Lair:1)
  A swamp dragon zombie (Gauntlet)
  An elephant zombie (Gauntlet)
  A komodo dragon zombie (Lair:1)
  A wyvern zombie (Lair:1)
  A yak zombie (Lair:1)
  A fungus (Lair:2)
  9 plants
  10 withered plants (Gauntlet)
34 creatures vanquished.

Grand Total: 216 creatures vanquished

Notes
Turn   | Place    | Note
-------+----------+-------------------------------------------
     0 | D:1      | Lochraine the Demonspawn Ice Elementalist began the quest
                  | for the Orb.
     0 | D:1      | Reached XP level 1. HP: 13/13 MP: 3/3
   426 | D:1      | Gained mutation: Spells you cast may paralyse adjacent
                  | enemies. [demonic ancestry]
   426 | D:1      | Reached XP level 2. HP: 19/19 MP: 1/5
   773 | D:1      | Found a faded altar of an unknown god.
  1056 | D:1      | Gained mutation: A meltable shield of frost defends you.
                  | (SH +4) [demonic ancestry]
  1056 | D:1      | Reached XP level 3. HP: 24/24 MP: 4/7
  1252 | D:2      | Learned a level 3 spell: Frozen Ramparts
  2525 | D:3      | Noticed Natasha
  2534 | D:3      | Killed Natasha
  2535 | D:3      | Gained mutation: You have sharp fingernails. [demonic
                  | ancestry]
  2535 | D:3      | Reached XP level 4. HP: 30/30 MP: 2/8
  2538 | D:3      | Noticed Natasha
  2543 | D:3      | Killed Natasha
  2544 | D:3      | Reached XP level 5. HP: 34/35 MP: 0/10
  2642 | D:3      | Noticed Natasha
  2647 | D:3      | Killed Natasha
  2834 | D:3      | Reached skill level 5 in Ice Magic
  3013 | D:3      | Noticed Sigmund
  3052 | D:3      | Learned a level 3 spell: Ozocubu's Armour
  3068 | D:3      | Noticed Terence
  3077 | D:3      | Killed Terence
  3231 | D:3      | Found an iron altar of Okawaru.
  3383 | D:3      | Killed Sigmund
  3384 | D:3      | Reached skill level 1 in Conjurations
  3384 | D:3      | Gained mutation: Spells you cast may paralyse nearby
                  | enemies. [demonic ancestry]
  3384 | D:3      | Reached XP level 6. HP: 40/41 MP: 8/12
  3544 | D:4      | Found Legret's Armour Emporium.
  4086 | D:4      | Noticed Ijyb
  4093 | D:4      | Killed Ijyb
  4094 | D:4      | Gained mutation: You have very sharp fingernails. [demonic
                  | ancestry]
  4094 | D:4      | Reached XP level 7. HP: 45/46 MP: 10/14
  4163 | D:4      | Found a shimmering blue altar of Sif Muna.
  4163 | D:4      | Found a faded altar of an unknown god.
  4168 | D:4      | Found a blossoming altar of Fedhas.
  4173 | D:4      | Found a basalt altar of Yredelemnul.
  4175 | D:4      | Found a faded altar of an unknown god.
  4495 | D:5      | Entered Level 5 of the Dungeon
  4551 | D:5      | Reached skill level 5 in Spellcasting
  4681 | D:5      | Got the Quarto of Leadership and Grit
  5075 | D:5      | Found a snail-covered altar of Cheibriados.
  5808 | D:6      | Found a staircase to the Ecumenical Temple.
  5814 | Temple   | Entered the Ecumenical Temple
  5833 | Temple   | Became a worshipper of Kikubaaqudgha
  6161 | D:6      | Reached XP level 8. HP: 38/52 MP: 6/16
  6402 | D:6      | Noticed Menkaure
  6536 | D:7      | Found an opulent altar of Gozag.
  6803 | D:7      | Reached skill level 5 in Conjurations
  7253 | D:7      | Reached skill level 1 in Necromancy
  7294 | D:7      | Reached * piety under Kikubaaqudgha
  7294 | D:7      | Received a gift from Kikubaaqudgha
  7306 | D:7      | Reached skill level 1 in Short Blades
  7306 | D:7      | Reached XP level 9. HP: 39/57 MP: 14/19
  7891 | D:7      | Learned a level 4 spell: Animate Dead
  7896 | D:7      | Learned a level 4 spell: Anguish
  8325 | D:8      | Found a staircase to the Lair.
  8368 | D:8      | Reached skill level 1 in Hexes
  8387 | D:8      | Reached skill level 1 in Fighting
  8962 | D:8      | Learned a level 2 spell: Sublimation of Blood
  8965 | D:8      | Learned a level 2 spell: Blink
  9076 | D:8      | Noticed Maurice
  9095 | D:8      | Killed Maurice
  9251 | D:8      | Found a shimmering altar of Xom.
  9595 | Lair:1   | Entered Level 1 of the Lair of Beasts
  9695 | Lair:1   | Reached ** piety under Kikubaaqudgha
  9842 | Lair:1   | Noticed a boulder beetle
  9880 | Lair:1   | Killed a boulder beetle
  9881 | Lair:1   | Gained mutation: You are partially covered in rugged brown
                  | scales. (AC +1, +3% HP) [demonic ancestry]
  9881 | Lair:1   | Reached XP level 10. HP: 41/73 MP: 10/20
 10061 | Lair:1   | Found a runed translucent gate.
 10061 | Lair:1   | Found a runed translucent gate.
 10061 | Lair:1   | Found a runed translucent gate.
 10222 | Lair:1   | Reached skill level 5 in Necromancy
 10316 | Lair:1   | Noticed an eight-headed hydra
 10401 | Lair:1   | Killed an eight-headed hydra
 10769 | Lair:1   | Noticed a black mamba
 10776 | Lair:1   | Killed a black mamba
 10859 | Lair:1   | Reached skill level 5 in Fighting
 10859 | Lair:1   | Reached skill level 5 in Hexes
 11079 | Lair:1   | Noticed a black mamba
 11086 | Lair:1   | Killed a black mamba
 11179 | Lair:1   | Reached XP level 11. HP: 83/83 MP: 14/21
 11236 | Lair:1   | Noticed a four-headed hydra
 11236 | Lair:1   | Noticed a death yak
 11346 | Lair:1   | Noticed EtherCrawl's ghost (journeyman DESu)
 11610 | Lair:1   | Killed a death yak
 11611 | Lair:1   | Reached skill level 5 in Dodging
 11868 | Lair:2   | Found a gate leading to a gauntlet.
 11955 | Gauntlet | Entered a Gauntlet
 11955 | Gauntlet | Found a transporter.
 11955 | Gauntlet | Found a transporter.
 11959 | Gauntlet | Found a transporter.
 11959 | Gauntlet | Found a transporter.
 11961 | Gauntlet | Found a large runed translucent door.
 11961 | Gauntlet | Noticed a fire crab
 11962 | Gauntlet | Found a large runed translucent door.
 11963 | Gauntlet | Found a large runed translucent door.
 11963 | Gauntlet | Found a large runed translucent door.
 11963 | Gauntlet | Found a runed translucent door.
 11964 | Gauntlet | Found a large runed translucent door.
 11965 | Gauntlet | Found a large runed translucent door.
 11966 | Gauntlet | Found a large runed translucent door.
 11966 | Gauntlet | Found a large runed translucent door.
 11967 | Gauntlet | Found a runed translucent gate.
 11971 | Gauntlet | Found a transporter.
 11977 | Gauntlet | Found a transporter.
 11977 | Gauntlet | Found a runed translucent gate.
 11978 | Gauntlet | Found a runed translucent gate.
 11979 | Gauntlet | Found a transporter.
 11979 | Gauntlet | Found a transporter.
 11979 | Gauntlet | Found a large runed translucent door.
 11979 | Gauntlet | Noticed an obsidian statue
 11980 | Gauntlet | Found a large runed translucent door.
 11981 | Gauntlet | Found a large runed translucent door.
 11983 | Gauntlet | Found a transporter.
 11996 | Gauntlet | Noticed a dire elephant
 12025 | Gauntlet | Found a transporter.
 12038 | Gauntlet | Found a runed translucent door.
 12047 | Gauntlet | Found a large runed translucent door.
 12047 | Gauntlet | Found a large runed translucent door.
 12047 | Gauntlet | Found a large runed translucent door.
 12048 | Gauntlet | Found a large runed translucent door.
 12049 | Gauntlet | Found a transporter.
 12049 | Gauntlet | Found a large runed translucent door.
 12065 | Gauntlet | Found a transporter.
 12108 | Gauntlet | Found a transporter.
 12130 | Gauntlet | Found a transporter.
 12225 | Gauntlet | Found a transporter.
 12235 | Gauntlet | Noticed a death scarab
 12241 | Gauntlet | Found a transporter.
 12398 | Gauntlet | Learned a level 4 spell: Hailstorm
 12434 | Gauntlet | Killed a fire crab
 12963 | Gauntlet | Killed an obsidian statue
 13076 | Gauntlet | Identified the ring of Xoacef {Drain rN++ Dex+6}
 13110 | Gauntlet | Noticed a minotaur
 13119 | Gauntlet | Slain by a minotaur

Illustrated notes

Levels and vault maps discovered:
D:1:      psy_arrival_fountain, layout_loops_ring,
          shapermc_ecumenical_altar_flowoftime
D:2:      layout_loops_corners, hangedman_decor_slide_cut,
          hangedman_decor_lopped
D:3:      layout_basic, lemuel_round_altar, nrook_campfire, minmay_hedge_maze,
          kennysheep_generic_room_14, uniq_sigmund, uniq_natasha, uniq_terence
D:4:      layout_rooms, chequers_temple_overflow_minitemple, serial_shops,
          nicolae_shop_crystal, nicolae_titane, uniq_ijyb
D:5:      layout_basic, slow_altar_2, chequers_serial_rivers_marsh,
          minmay_misc_feat_roman
D:6:      layout_rooms, minmay_temple_entry_fiery, uniq_menkaure
D:7:      layout_basic, mainiacjoe_overflow_cross_hatched, serial_bayou_crossing
D:8:      layout_basic, tgw_xom, dpeg_oklobed_lair, minmay_manual_maat,
          uniq_maurice
D:9:      layout_cave_pods, uniq_maggie
Temple:   minmay_freezing_vapour_temple
Lair:1:   beast_lair_carwin_large_2, layout_gridlike, gammafunk_ghost_icy,
          minmay_shattered_shrine, lemuel_fruit_fields
Lair:2:   layout_cave_pods, elwin_shoals_entry_rocks, gauntlet_entry_generic,
          uniq_harold
Gauntlet: gammafunk_gauntlet_branching [nicolae_gauntlet_swirl,
          gammafunk_gauntlet_arena_spirals, gammafunk_gauntlet_arena_split_x,
          gammafunk_gauntlet_arena_teeth,
          minmay_gauntlet_arena_make_your_own_arena,
          gammafunk_gauntlet_arena_grid, nicolae_gauntlet_arena_flowing_pool,
          gammafunk_gauntlet_arena_hedges, gauntlet_exit_green]

Skill      XL: |  1  2  3  4  5  6  7  8  9 10 11 |
---------------+----------------------------------+-----
Ice Magic      | 4 5 6 7 |  7.4
Spellcasting   | 3 4 5 6 7 |  7.3
Conjurations   | 1 2 3 5 |  5.5
Necromancy     | 1 4 6 7 |  7.7
Short Blades   | 1 3 |  3.1
Stealth        | 2 3 |  3.8
Hexes          | 3 5 6 |  6.8
Fighting       | 3 5 6 |  6.8
Dodging        | 2 4 5 |  5.8

Action                   |  1- 3 |  4- 6 |  7- 9 | 10-12 || total
-------------------------+-------+-------+-------+-------++-------
Melee: Unarmed           |     1 |       |       |       ||     1
       Dagger            |    23 |    50 |   111 |    56 ||   240
       Punch             |       |       |     2 |     2 ||     4
 Cast: Freeze            |    40 |    29 |    92 |    45 ||   206
       Frozen Ramparts   |     2 |     6 |    28 |    14 ||    50
       Ozocubu's Armour  |       |     3 |    23 |    17 ||    43
       Blink             |       |       |     2 |     1 ||     3
       Animate Dead      |       |       |       |     3 ||     3
       Anguish           |       |       |       |     3 ||     3
       Hailstorm         |       |       |       |     2 ||     2
Invok: Unearth Wretches  |       |       |       |     3 ||     3
Evoke: Wand              |       |     3 |     3 |     1 ||     7
  Use: Potion            |     1 |       |     2 |     1 ||     4
       Scroll            |     1 |     5 |     6 |     3 ||    15
 Stab: Sleeping          |     3 |     4 |     3 |     3 ||    13
       Paralysed         |     1 |    15 |    56 |    25 ||    97
Armor: Robe              |     6 |     9 |     5 |     8 ||    28
       Leather armour    |       |       |    12 |       ||    12
       Ring mail         |       |       |    12 |       ||    12
       Acid dragon scale |       |       |       |    28 ||    28
Dodge: Dodged            |    35 |    20 |    51 |    99 ||   205
Block: Other             |     2 |     6 |    19 |    21 ||    48
